AoeStats
← Bamm Bash

MegaRandom

508888089Analyzed
4v4 RM · 7d ago on Sep 24, 2026· 44m 26s· 8 players
Game mode
Random Map
Map size
Large (8 player)
Population
200
Speed
Normal
Resources
Standard
Victory
Conquest
Starting age
Dark Age
Ending age
Imperial Age
RankedLock teamsTeams togetherTeam positionsShared explorationLock speedFull tech treeHidden civsTurbo modeCheats
Victory
Defeat
🇨🇦 Chinese · Canada
1119
+14
🇨🇳 Lithuanians · China
1109
+14
🇨🇳 Huns · China
1106
+15
🇧🇷 Wei · Brazil
1067
+16
🇫🇷 Italians · France
1103
-16
🇵🇱 Varangians · Poland
1086
-15
🇩🇪 Huns · Germany
1066
-14
🇩🇪 Saxons · Germany
1046
-14
Bamm Bash
11:35 Feudal Age
16:01 Castle Age
14:53 Loom
16:02 Forging
15:58 Scale Mail Armor
19:47 Chain Mail Armor
21:22 Iron Casting
22:54 Double-Bit Axe
30:46 Imperial Age
32:11 Plate Mail Armor
32:43 Fletching
34:14 Bodkin Arrow
38:21 Bracer
38:29 Man-at-Arms
38:56 Gambesons
39:12 Squires
38:57 Arson
40:36 Wheelbarrow
39:27 Long Swordsman
40:32 Arson
41:15 Two-Handed Swordsman
kubeszek
10:41 Loom
12:58 Feudal Age
17:48 Fishing Lines
21:48 Castle Age
20:03 Fletching
23:29 Medium Warships
24:10 Bodkin Arrow
24:21 Town Watch
24:51 Padded Archer Armor
27:14 Horse Collar
28:42 Clinker Construction
29:17 Double-Bit Axe
31:03 Wheelbarrow
31:13 Leather Archer Armor
33:13 Heavy Plow
33:33 Forging
34:21 Hand Cart
34:01 Gambesons
34:17 Squires
34:42 Scale Mail Armor
35:17 Iron Casting
36:44 Chain Mail Armor
37:11 Caravan
37:17 Caravan
Lizard Bro
9:44 Loom
10:07 Loom
12:53 Feudal Age
15:49 Wheelbarrow
15:56 Double-Bit Axe
18:16 Castle Age
19:51 Bow Saw
22:48 Medium Warships
27:46 Fishing Lines
33:20 Imperial Age
30:36 Town Watch
31:25 Fletching
31:35 Padded Archer Armor
34:27 Conscription
34:27 Caravan
37:15 Bodkin Arrow
37:36 Leather Archer Armor
37:29 Thumb Ring
39:18 Guilds
39:59 Bracer
44:42 Murder Holes
leonardodavinx
9:14 Loom
11:51 Feudal Age
17:59 Castle Age
19:08 Gold Mining
19:19 Horse Collar
19:59 Bloodlines
19:54 Husbandry
20:03 Scale Barding Armor
22:27 Double-Bit Axe
25:44 Wheelbarrow
26:27 Heavy Plow
26:47 Forging
28:06 Chain Barding Armor
29:08 Bow Saw
30:06 Marauders
36:57 Imperial Age
34:56 Hand Cart
36:09 Iron Casting
38:21 Caravan
39:16 Plate Barding Armor
39:42 Blast Furnace
38:31 Elite Tarkan
41:31 Elite Skirmisher
42:15 Fletching
GrandMasterTitties
1:03 Loom
14:20 Feudal Age
18:15 Castle Age
16:05 Double-Bit Axe
16:04 Horse Collar
20:24 Town Watch
20:52 Bow Saw
21:59 Wheelbarrow
21:20 Fletching
24:12 Bodkin Arrow
26:30 Hand Cart
26:17 Town Patrol
26:26 Bodkin Arrow
26:55 Ballistics
27:09 Murder Holes
28:51 Masonry
33:19 Imperial Age
31:47 Stone Mining
31:47 Gold Mining
32:27 Ballistics
32:10 Great Wall
35:15 Architecture
35:03 Fortified Wall
35:55 Chemistry
35:11 Bracer
35:22 Heavy Plow
36:23 Two-Man Saw
38:05 Conscription
39:00 Gold Shaft Mining
39:25 Padded Archer Armor
39:11 Elite Chu Ko Nu
42:12 Leather Archer Armor
41:38 Capped Ram
43:47 Ring Archer Armor
44:24 Caravan
43:50 Siege Ram
心焰
12:49 Feudal Age
14:29 Wheelbarrow
14:09 Double-Bit Axe
16:33 Castle Age
16:23 Gold Mining
18:46 Medium Warships
22:00 Bow Saw
25:47 Horse Collar
27:50 Stone Mining
30:40 Stone Shaft Mining
30:39 Bloodlines
30:29 Husbandry
30:40 Loom
33:33 Imperial Age
31:19 Hand Cart
32:11 Heavy Plow
32:38 Town Watch
33:48 Scale Barding Armor
33:54 Forging
33:12 Light Cavalry
34:29 Scale Barding Armor
34:18 Fletching
34:29 Padded Archer Armor
34:44 Cavalier
36:02 Iron Casting
36:23 Chain Barding Armor
35:35 Elite Skirmisher
36:51 Bodkin Arrow
37:36 Leather Archer Armor
36:52 Paladin
37:46 Thumb Ring
38:06 Bracer
38:45 Plate Barding Armor
38:49 Conscription
39:47 Ring Archer Armor
39:24 Tower Shields
41:16 Ballistics
41:57 Chemistry
Chaves
9:00 Loom
11:10 Feudal Age
11:58 Double-Bit Axe
12:18 Town Watch
12:39 Fishing Lines
12:50 Fishing Lines
18:12 Wheelbarrow
21:49 Castle Age
19:57 Stone Mining
20:59 Padded Archer Armor
21:19 Scale Barding Armor
21:34 Gold Mining
22:33 Husbandry
22:32 Horse Collar
23:45 Chain Barding Armor
26:02 Bow Saw
27:47 Bloodlines
37:33 Imperial Age
37:55 Capped Ram
38:11 Heavy Hei Guang Cavalry
41:28 Fletching
41:39 Padded Archer Armor
41:03 Light Cavalry
西边有座岛
8:35 Loom
12:00 Feudal Age
16:14 Castle Age
14:22 Fishing Lines
15:10 Double-Bit Axe
15:08 Horse Collar
17:53 Scale Barding Armor
18:42 Town Watch
23:18 Forging
24:21 Wheelbarrow
27:17 Chain Barding Armor
28:45 Fletching
33:15 Gold Mining
34:29 Heavy Plow
38:43 Imperial Age
37:09 Bow Saw
37:32 Bodkin Arrow
38:27 Bloodlines
38:54 Iron Casting
39:46 Gold Shaft Mining
39:55 Conscription
40:13 Plate Barding Armor
39:15 Cavalier
40:19 Husbandry
42:13 Blast Furnace
42:26 Bracer
44:28 Caravan
Connection lost

Rejoining the realm…

Still unreachable

The connection could not be restored.

Session expired

The server has moved on; the page needs a fresh start.